AoeStats
← Monkey killer

MegaRandom

507436635Analyzed
4v4 RM · 15d ago on Sep 18, 2026· 67m 39s· 8 players
Game mode
Random Map
Map size
Large (8 player)
Population
200
Speed
Normal
Resources
Standard
Victory
Conquest
Starting age
Dark Age
Ending age
Imperial Age
RankedLock teamsTeams togetherTeam positionsShared explorationLock speedFull tech treeHidden civsTurbo modeCheats
Victory
Defeat
🇩🇪 Goths · Germany
1329
+12
🇦🇺 Celts · Australia
1245
+15
🇩🇪 Portuguese · Germany
1235
+15
🇦🇷 Huns · Argentina
1181
+18
🇹🇼 Wei · Taiwan
1331
-20
🇹🇼 Magyars · Taiwan
1285
-17
🇨🇳 Teutons · China
1146
-12
🇨🇳 Burgundians · China
1132
-11
iroh
11:43 Feudal Age
12:54 Loom
15:44 Castle Age
14:16 Horse Collar
17:15 Double-Bit Axe
19:38 Heavy Plow
22:24 Town Watch
23:26 Wheelbarrow
24:10 Bow Saw
23:53 Gold Mining
24:57 Stone Mining
27:23 Hand Cart
28:18 Stone Shaft Mining
29:51 Fletching
32:38 Imperial Age
30:12 Treadmill Crane
30:55 Ballistics
31:08 Murder Holes
31:23 Masonry
30:51 Pikeman
32:33 Scale Mail Armor
32:29 Bodkin Arrow
33:27 Chain Mail Armor
34:25 Two-Man Saw
34:28 Chemistry
33:06 Halberdier
35:28 Bombard Tower
34:41 Capped Ram
35:55 Forging
36:32 Conscription
37:08 Plate Mail Armor
37:57 Architecture
39:13 Siege Engineers
40:49 Iron Casting
40:15 Bracer
41:41 Arquebus
43:39 Blast Furnace
43:37 Fortified Wall
46:22 Crop Rotation
45:54 Padded Archer Armor
45:39 Elite Organ Gun
53:00 Guilds
53:21 Coinage
64:42 Banking
ta mal ito
11:16 Feudal Age
15:12 Forging
16:54 Double-Bit Axe
18:04 Loom
21:52 Castle Age
21:22 Scale Barding Armor
22:49 Husbandry
35:21 Horse Collar
39:32 Bow Saw
39:32 Heavy Plow
39:58 Masonry
44:16 Imperial Age
41:43 Gold Mining
43:14 Ballistics
48:10 Wheelbarrow
49:07 Chemistry
51:55 Thumb Ring
52:11 Fletching
52:44 Bodkin Arrow
53:03 Heavy Cavalry Archer
53:50 Bracer
54:03 Padded Archer Armor
Vanilla Gorilla
10:31 Feudal Age
14:55 Castle Age
13:23 Horse Collar
15:43 Double-Bit Axe
20:10 Bow Saw
21:28 Heavy Plow
22:28 Wheelbarrow
23:56 Hand Cart
25:35 Gold Mining
30:20 Imperial Age
29:13 Loom
30:18 Fletching
31:19 Heavy Scorpion
33:12 Gold Shaft Mining
32:28 Stone Mining
35:34 Conscription
35:25 Furor Celtica
36:03 Bodkin Arrow
36:33 Ballistics
36:37 Stronghold
37:24 Hoardings
38:20 Capped Ram
40:07 Chemistry
39:54 Stone Shaft Mining
41:28 Murder Holes
41:38 Siege Engineers
41:14 Treadmill Crane
41:45 Masonry
41:02 Siege Ram
DerAbwurster
3:48 Loom
10:50 Feudal Age
15:56 Castle Age
14:22 Double-Bit Axe
14:28 Horse Collar
16:58 Bow Saw
23:35 Squires
24:46 Scale Mail Armor
26:27 Pikeman
28:18 Forging
28:54 Fletching
32:07 Town Watch
32:43 Heavy Plow
33:21 Wheelbarrow
33:55 Chain Mail Armor
39:30 Imperial Age
37:39 Iron Casting
37:26 Bodkin Arrow
38:24 Gold Mining
38:24 Stone Mining
38:44 Anarchy
38:55 Padded Archer Armor
41:14 Blast Furnace
41:29 Two-Man Saw
41:07 Elite Huskarl
42:08 Conscription
41:12 Halberdier
43:07 Man-at-Arms
43:40 Long Swordsman
44:28 Perfusion
44:40 Bracer
44:04 Two-Handed Swordsman
46:56 Crop Rotation
47:04 Stone Shaft Mining
47:27 Champion
51:43 Caravan
53:18 Hand Cart
55:32 Guilds
62:19 Chemistry
61:15 Murder Holes
61:31 Masonry
65:34 Spies/Treason
66:51 Coinage
yoooo147
6:33 Loom
9:29 Feudal Age
10:09 Double-Bit Axe
11:34 Horse Collar
19:17 Castle Age
18:31 Fletching
20:56 Gold Mining
21:54 Bloodlines
21:45 Husbandry
22:55 Bodkin Arrow
25:10 Bow Saw
25:03 Padded Archer Armor
27:02 Wheelbarrow
30:12 Leather Archer Armor
31:14 Hand Cart
32:07 Town Watch
34:57 Ballistics
35:56 Gold Shaft Mining
35:11 Stone Mining
38:58 Imperial Age
40:02 Conscription
40:08 Ming Guang Armor
39:49 Bracer
40:52 Chemistry
45:24 Coinage
49:12 Thumb Ring
50:04 Parthian Tactics
Monkey killer
11:45 Feudal Age
15:56 Double-Bit Axe
19:26 Castle Age
17:18 Horse Collar
17:30 Double-Bit Axe
17:53 Gold Mining
19:16 Heavy Plow
19:32 Bow Saw
22:24 Wheelbarrow
22:27 Loom
26:03 Two-Man Saw
28:34 Stone Mining
29:40 Hand Cart
29:35 Husbandry
28:55 Cavalier
30:28 Gold Shaft Mining
30:29 Stone Shaft Mining
31:46 Crop Rotation
32:59 Town Watch
33:32 Forging
33:27 Scale Barding Armor
37:18 Imperial Age
35:30 Town Patrol
37:51 Paladin
41:13 Iron Casting
40:58 Chain Barding Armor
41:28 Elite Skirmisher
46:20 Blast Furnace
45:55 Plate Barding Armor
236223212
12:22 Feudal Age
13:45 Loom
17:49 Castle Age
17:08 Double-Bit Axe
18:07 Horse Collar
20:39 Bow Saw
23:39 Stone Mining
24:33 Heavy Plow
26:22 Wheelbarrow
28:17 Hand Cart
28:32 Gold Mining
33:58 Imperial Age
33:37 Scale Barding Armor
33:43 Forging
33:54 Bloodlines
35:10 Scale Mail Armor
35:45 Iron Casting
35:51 Crop Rotation
36:24 Two-Man Saw
36:21 Conscription
35:25 Elite Teutonic Knight
36:25 Chain Mail Armor
38:20 Stone Shaft Mining
37:25 Cavalier
39:28 Crenellations
39:34 Ballistics
40:19 Chemistry
39:39 Ballistics
39:25 Siege Engineers
40:13 Plate Mail Armor
40:57 Paladin
42:20 Padded Archer Armor
43:21 Blast Furnace
42:41 Chain Barding Armor
59:25 Ironclad
MAVERICK
6:55 Loom
9:06 Feudal Age
16:48 Double-Bit Axe
20:12 Castle Age
19:54 Horse Collar
20:06 Gold Mining
21:00 Bloodlines
20:21 Light Cavalry
21:02 Husbandry
21:08 Scale Barding Armor
27:12 Chain Barding Armor
28:39 Wheelbarrow
30:28 Town Watch
32:08 Bow Saw
31:59 Heavy Plow
33:44 Gold Shaft Mining
32:59 Stone Mining
37:47 Imperial Age
35:35 Hand Cart
35:47 Treadmill Crane
37:52 Cavalier
39:13 Plate Barding Armor
45:12 Paladin
47:43 Paladin
61:03 Conscription
Connection lost

Rejoining the realm…

Still unreachable

The connection could not be restored.

Session expired

The server has moved on; the page needs a fresh start.